[Event "Titled Tuesday Blitz November 15 Early 2022"]
[White "Saya, Ethan"]
[Black "Papayan, Oleg"]
[WhiteFideId "26095181"]
[BlackFideId "4193911"]
[WhiteElo "2162"]
[BlackElo "2153"]
[Result "1-0"]
[Round "10"]
[TimeControl "180+1"]
[Date "2022.11.16"]
[WhiteClock "0:00:09"]
[BlackClock "0:00:38"]

1. d4 Nf6 2. c4 e6 3. g3 d5 4. Nf3 dxc4 5. Bg2 c5 6. O-O Nc6 7. dxc5 Qxd1 8. Rxd1 Bxc5 9. Nbd2 c3 10. bxc3 O-O 11. Nb3 Be7 12. Nfd4 Nxd4 13. cxd4 Nd5 14. Bd2 f5 15. Rac1 b6 16. e4 fxe4 17. Bxe4 Ba6 18. Re1 Bf6 19. Bg2 Rac8 20. Rxe6 Rxc1+ 21. Bxc1 Nc3 22. Bd2 Ne2+ 23. Kh1 Nxd4 24. Rxf6 Rxf6 25. Nxd4 Rxf2 26. Be3 Rb2 27. Kg1 Bc4 28. a4 Ra2 29. Bc6 Ra1+ 30. Kg2 Ra2+ 31. Bf2 Kf7 32. Nb5 Ke6 33. Nxa7 Bb3 34. Nc8 Rc2 35. Bb7 Bxa4 36. Nxb6 Bc6+ 37. Bxc6 Rxc6 38. Kf3 g5 39. g4 Rc3+ 40. Be3 h6 41. Na4 Rc2 42. Nc5+ Kf6 43. Ne4+ Kg6 44. h3 Rh2 45. Kg3 Re2 46. Kf3 Rh2 47. Nf2 h5 48. Kg3 Rxh3+ 49. Kxh3 hxg4+ 50. Kxg4 Kf6 51. Bxg5+ Kg6 52. Nh3 Kg7 53. Kf5 Kf7 54. Nf4 Ke8 55. Ke6 Kf8 56. Bf6 Kg8 57. Kf5 Kh7 58. Kg5 Kg8 59. Kg6 Kf8 60. Nd3 Ke8 61. Kf5 Kd7 62. Ke5 Kc6 63. Nf4 Kb5 64. Kd5 Kb4 65. Bd4 Kb5 66. Ng2 Kb4 67. Ne3 Kb5 68. Nc2 Ka6 69. Kc6 Ka5 70. Kc5 Ka6 71. Ne3 Kb7 72. Nd5 Kc8 73. Kc6 Kb8 74. Be5+ Kc8 75. Nc7 Kb8 76. Nb5+ Ka8 77. Bd4 Kb8 78. Nc7 Kc8 79. Ba7 Kd8 80. Nd5 Kc8 81. Ne7+ Kd8 82. Kd6 Ke8 83. Ke6 Kd8 84. Bb6+ Ke8 85. Ba5 Kf8 86. Kf6 Ke8 87. Ke6 Kf8 88. Nf5 Ke8 89. Ng7+ Kf8 90. Kf6 Kg8 91. Kg6 Kf8 92. Bb4+ Kg8 93. Nf5 Kh8 94. Bc5 Kg8 95. Nh6+ Kh8 96. Bd4# 1-0


[Site "https://www.chess.com"]

[Event "Titled Tuesday Blitz November 15 Early 2022"]
[White "Shuvalova, Polina"]
[Black "Kobo, Ori"]
[WhiteFideId "24171760"]
[BlackFideId "2812320"]
[WhiteElo "2342"]
[BlackElo "2447"]
[Result "1-0"]
[Round "10"]
[TimeControl "180+1"]
[Date "2022.11.15"]
[WhiteClock "0:00:05"]
[BlackClock "0:00:03"]

1. d4 Nf6 2. Nf3 c5 3. d5 b5 4. e4 Nxe4 5. Bd3 Nf6 6. Bxb5 Ba6 7. Bxa6 Qa5+ 8. Nbd2 Qxa6 9. c4 e6 10. O-O Be7 11. Re1 O-O 12. b3 Qc8 13. Bb2 d6 14. dxe6 fxe6 15. Ng5 e5 16. Nde4 Qc6 17. Qd3 Nxe4 18. Nxe4 Na6 19. Rad1 Rad8 20. Qh3 Nc7 21. Bc1 Qe8 22. Rd3 Qf7 23. Rf3 Qe6 24. Rxf8+ Rxf8 25. Qd3 Qf5 26. Re3 Ne6 27. Rf3 Qg6 28. Rxf8+ Bxf8 29. Qd5 Kh8 30. f3 Nd4 31. Kf2 h6 32. Be3 Kh7 33. Qa8 Qf7 34. Bxd4 cxd4 35. Qc8 Be7 36. Ke2 Qg6 37. Qg4 Qf7 38. Qd7 Kg8 39. Nxd6 Bxd6 40. Qxd6 Qf4 41. Qd5+ Kh8 42. Qa8+ Kh7 43. Qe4+ Qxe4+ 44. fxe4 Kg6 45. b4 Kf6 46. c5 Ke6 47. b5 Kd7 48. Kd3 Kc7 49. Kc4 Kb7 50. a4 Kc7 51. a5 Kc8 52. b6 a6 53. c6 g6 54. Kd3 g5 55. Kc4 h5 56. h3 h4 57. Kd3 Kb8 58. Kc2 Kc8 59. Kd2 Kb8 60. Kd3 Kc8 61. Kc4 Kb8 62. Kb4 Kc8 63. Ka3 Kb8 64. Ka4 Kc8 65. Kb3 Kb8 66. Ka3 Kc8 67. Kb4 Kb8 68. c7+ Kb7 69. Kc4 Kc8 70. Kc5 Kb7 71. Kd6 d3 72. Kd7 d2 73. c8=Q# 1-0


[Site "https://www.chess.com"]

[Event "Titled Tuesday Blitz November 15 Early 2022"]
[White "Skliarov, Viktor"]
[Black "Mika, Tomasz"]
[WhiteFideId "14106736"]
[BlackFideId "1132970"]
[WhiteElo "2284"]
[BlackElo "2126"]
[Result "1-0"]
[Round "10"]
[TimeControl "180+1"]
[Date "2022.11.16"]
[WhiteClock "0:01:09"]
[BlackClock "0:01:30"]

1. e4 c6 2. d4 d5 3. e5 c5 4. dxc5 e6 5. a3 Bxc5 6. b4 Be7 7. Bb2 Nh6 8. Nf3 O-O 9. Bd3 Nf5 10. Bxf5 exf5 11. O-O Nc6 12. Nbd2 Be6 13. Nb3 a5 14. b5 Na7 15. Nbd4 Qd7 16. Qd3 Nc8 17. a4 Nb6 18. Ba3 g6 19. h4 Rac8 20. h5 Rc4 21. hxg6 hxg6 22. Qe3 Rxa4 23. Bxe7 Rxa1 24. Bf6 Rxf1+ 25. Kxf1 1-0


[Site "https://www.chess.com"]

[Event "Titled Tuesday Blitz November 15 Early 2022"]
[White "Stijve, Theo"]
[Black "Aumann, Welf"]
[WhiteFideId "1331132"]
[BlackFideId "4634071"]
[WhiteElo "2256"]
[BlackElo "2295"]
[Result "1-0"]
[Round "10"]
[TimeControl "180+1"]
[Date "2022.11.16"]
[WhiteClock "0:01:22"]
[BlackClock "0:00:05"]

1. d4 d5 2. c4 dxc4 3. e3 e5 4. Bxc4 exd4 5. exd4 Bd6 6. Nf3 Nf6 7. O-O O-O 8. Bg5 h6 9. Bh4 g5 10. Bg3 Nc6 11. d5 Ne7 12. Nc3 a6 13. a4 Bf5 14. Nd4 Bg6 15. f4 gxf4 16. Bxf4 Bxf4 17. Rxf4 Nexd5 18. Rh4 Ne3 19. Qe2 Nxc4 20. Qxc4 Kg7 21. Rf1 c6 22. Nf5+ Bxf5 23. Rxf5 Re8 24. Qf4 Rh8 25. Rxf6 Qxf6 26. Rg4+ 1-0


[Site "https://www.chess.com"]

[Event "Titled Tuesday Blitz November 15 Early 2022"]
[White "Tan, Jun Ying"]
[Black "Rangel, Daniel"]
[WhiteFideId "5710413"]
[BlackFideId "2124475"]
[WhiteElo "2089"]
[BlackElo "2225"]
[Result "1-0"]
[Round "10"]
[TimeControl "180+1"]
[Date "2022.11.16"]
[WhiteClock "0:02:09"]
[BlackClock "0:01:47"]

1. e4 c5 2. Nc3 g6 3. f4 Bg7 4. Nf3 d6 5. Bb5+ Bd7 6. Bc4 e6 7. O-O Ne7 8. d3 Bc6 9. Qe1 d5 10. Bb3 O-O 11. f5 exf5 12. Qh4 dxe4 13. dxe4 fxe4 14. Ng5 h6 15. Nxf7 Kh7 16. Nxd8 Bd4+ 17. Be3 Bxe3+ 18. Kh1 Nf5 19. Rxf5 Rxf5 20. Qe7+ Kh8 21. Nf7+ Kh7 22. Ng5+ Kh8 23. Qh7# 1-0


[Site "https://www.chess.com"]

[Event "Titled Tuesday Blitz November 15 Early 2022"]
[White "Tasev, Dejan"]
[Black "Jumabayev, Rinat"]
[WhiteFideId "936618"]
[BlackFideId "13702661"]
[WhiteElo "2625"]
[BlackElo "2847"]
[Result "0-1"]
[Round "10"]
[TimeControl "180+1"]
[Date "2022.11.16"]
[WhiteClock "0:02:08"]
[BlackClock "0:02:19"]

1. e4 c5 2. Nf3 d6 3. Nc3 Nf6 4. d4 cxd4 5. Nxd4 a6 6. Bc4 e6 7. Bb3 Nc6 8. Be3 Qc7 9. f3 Na5 10. Qd2 b5 11. a3 Be7 12. O-O O-O 13. Rfd1 Bb7 14. Rac1 Rac8 15. Qf2 Nc4 16. Bxc4 Qxc4 17. Nb3 Qc7 18. Rd2 Nd7 19. Rcd1 Ne5 20. Qg3 Nc4 21. Bd4 e5 22. Bf2 Nxb2 23. Nd5 Bxd5 24. Rxd5 Nxd1 25. Rxd1 Qxc2 0-1


[Site "https://www.chess.com"]

[Event "Titled Tuesday Blitz November 15 Early 2022"]
[White "Ter-Sahakyan, Samvel"]
[Black "Yu, Yangyi"]
[WhiteFideId "13302531"]
[BlackFideId "8603820"]
[WhiteElo "2584"]
[BlackElo "2808"]
[Result "1-0"]
[Round "10"]
[TimeControl "180+1"]
[Date "2022.11.15"]
[WhiteClock "0:00:10"]
[BlackClock "0:00:09"]

1. d4 Nf6 2. c4 e6 3. Nf3 d5 4. Nc3 Nbd7 5. cxd5 exd5 6. Bf4 Bb4 7. e3 O-O 8. Bd3 c5 9. O-O c4 10. Bc2 Qa5 11. Rc1 Re8 12. Nd2 Nf8 13. Bg5 Bxc3 14. bxc3 Ne4 15. Bxe4 dxe4 16. Bf4 Qd5 17. a4 Ng6 18. Bg3 h5 19. h3 h4 20. Bh2 Be6 21. Rb1 Qc6 22. Qh5 Bd5 23. Rb5 Rad8 24. Rfb1 Rd7 25. a5 Qe6 26. Rc5 Red8 27. Qe2 b6 28. axb6 axb6 29. Rcb5 Rb7 30. R5b4 Rc8 31. Ra1 b5 32. Qd1 Ne7 33. Rab1 Bc6 34. Nxc4 bxc4 35. Rxb7 Bxb7 36. Rxb7 Nd5 37. Qc2 Ra8 38. Rb1 Qf5 39. Be5 f6 40. Bf4 Ra3 41. f3 Nxc3 42. Rb8+ Kh7 43. Qb2 Qa5 44. Qf2 Qh5 45. Qb2 Qa5 46. Qf2 g5 47. fxe4 Nxe4 48. Qf3 Qf5 49. Qh5+ Kg7 50. Rb7+ Kg8 51. Qf7+ 1-0


[Site "https://www.chess.com"]

[Event "Titled Tuesday Blitz November 15 Early 2022"]
[White "Thiel, Thomas"]
[Black "Fabris, Alberto"]
[WhiteFideId "4615964"]
[BlackFideId "801348"]
[WhiteElo "2231"]
[BlackElo "2064"]
[Result "1-0"]
[Round "10"]
[TimeControl "180+1"]
[Date "2022.11.16"]
[WhiteClock "0:01:02"]
[BlackClock "0:00:46"]

1. e4 c6 2. d4 d5 3. exd5 cxd5 4. c4 Nf6 5. Nc3 Nc6 6. Bg5 e6 7. cxd5 exd5 8. Bd3 Be6 9. Nf3 Be7 10. O-O O-O 11. h3 h6 12. Be3 Qd7 13. Ne5 Nxe5 14. dxe5 Ne8 15. Bd4 Nc7 16. Qh5 f5 17. exf6 Bxf6 18. Bxf6 Rxf6 19. Rad1 Raf8 20. Ne2 Bf7 21. Qh4 Bg6 22. Bxg6 Rxg6 23. Qd4 Kh8 24. Nf4 Rd6 25. Rfe1 Qf5 26. g3 Rfd8 27. Re5 Qf6 28. Nh5 Qg6 29. Re7 R6d7 30. Nf4 Qg5 31. Re5 Qf6 32. h4 Ne6 33. Rxe6 Qxd4 34. Rxd4 1-0


[Site "https://www.chess.com"]

[Event "Titled Tuesday Blitz November 15 Early 2022"]
[White "Tristan, Leonardo"]
[Black "Ivic, Velimir"]
[WhiteFideId "113816"]
[BlackFideId "950122"]
[WhiteElo "2461"]
[BlackElo "2625"]
[Result "0-1"]
[Round "10"]
[TimeControl "180+1"]
[Date "2022.11.15"]
[WhiteClock "0:00:49"]
[BlackClock "0:00:35"]

1. d4 Nf6 2. Nf3 g6 3. Bf4 Bg7 4. e3 O-O 5. Be2 d6 6. O-O b6 7. h3 Bb7 8. Bh2 Nbd7 9. a4 a6 10. Nbd2 Ne4 11. Nxe4 Bxe4 12. Nd2 Bb7 13. Bf3 Qc8 14. c3 c5 15. Qb3 Bxf3 16. Nxf3 Qc6 17. d5 Qb7 18. c4 b5 19. Nd2 Rab8 20. cxb5 axb5 21. a5 c4 22. Qc2 Qxd5 23. Ne4 b4 24. Rfd1 Qb5 25. Qe2 Ne5 26. Bxe5 Bxe5 27. Rac1 Rfc8 28. Nd2 d5 29. e4 Bxb2 30. Rc2 Bc3 31. exd5 Bxd2 32. Rcxd2 c3 33. Rd3 c2 34. Rc1 b3 35. Kh2 b2 36. Rxc2 Rxc2 37. Qxc2 b1=Q 0-1


[Site "https://www.chess.com"]

[Event "Titled Tuesday Blitz November 15 Early 2022"]
[White "Tuleyeva-Aketayeva, Dana"]
[Black "Minko, Dmitry"]
[WhiteFideId "13701932"]
[BlackFideId "24188468"]
[WhiteElo "2030"]
[BlackElo "2147"]
[Result "0-1"]
[Round "10"]
[TimeControl "180+1"]
[Date "2022.11.16"]
[WhiteClock "0:00:04"]
[BlackClock "0:00:24"]

1. Nf3 Nf6 2. g3 d5 3. Bg2 c5 4. d4 e6 5. O-O Nc6 6. b3 cxd4 7. Nxd4 Bc5 8. Bb2 O-O 9. a4 a6 10. c3 e5 11. Nxc6 bxc6 12. b4 Ba7 13. c4 Re8 14. Na3 e4 15. Bxf6 Qxf6 16. cxd5 cxd5 17. Qxd5 Bf5 18. e3 Rad8 19. Qa2 Rd3 20. b5 Bc5 21. Nc2 Red8 22. Qb1 Rd2 23. Nb4 axb5 24. axb5 Qb6 25. Nc6 Re8 26. Ra6 Qb7 27. Qc1 Qxb5 28. Qxd2 Qxa6 29. Nd4 Bg6 30. Qc3 Rc8 31. Nb3 Bf8 32. Qb4 Bxb4 0-1


[Site "https://www.chess.com"]

[Event "Titled Tuesday Blitz November 15 Early 2022"]
[White "Tymrakiewicz, Rafal"]
[Black "Kleiman, Jake"]
[WhiteFideId "1108832"]
[BlackFideId "2020041"]
[WhiteElo "2138"]
[BlackElo "2597"]
[Result "0-1"]
[Round "10"]
[TimeControl "180+1"]
[Date "2022.11.16"]
[WhiteClock "0:00:04"]
[BlackClock "0:00:11"]

1. d4 Nf6 2. Bg5 Ne4 3. Bf4 Nc6 4. e3 d5 5. Bd3 e6 6. Nf3 Bd6 7. c3 O-O 8. Nbd2 f5 9. O-O Bd7 10. Bxd6 cxd6 11. Ne1 Qh4 12. f3 Nf6 13. Qe2 Rae8 14. c4 Kh8 15. a3 f4 16. Nc2 fxe3 17. Qxe3 e5 18. cxd5 exd4 19. Qf2 Qxf2+ 20. Rxf2 Nxd5 21. Ne4 Nf4 22. Rd1 Bf5 23. Rfd2 Nxd3 24. Rxd3 d5 25. Nf2 Bxd3 26. Nxd3 Re2 27. Nce1 Rfe8 28. Kf1 h6 29. h4 a5 30. Rc1 Rd2 31. Rc2 Rxc2 32. Nxc2 b6 33. Kf2 Kg8 34. h5 Kf7 35. f4 Kf6 36. g4 Re4 37. Kf3 Re8 38. Nf2 Rc8 39. Nd3 Rc7 40. Nce1 Nd8 41. Ng2 Ne6 42. Nh4 Rc2 43. Nf5 Nc5 44. Ne5 d3 45. Ke3 Re2+ 46. Kf3 Rxb2 47. Ne3 d2 48. Nxd5+ Ke6 49. Nc3 Rb3 50. Ke2 Rxc3 51. Kxd2 Rxa3 52. Nc6 Kd5 53. Ne7+ Ke4 54. f5 Rg3 0-1


[Site "https://www.chess.com"]

[Event "Titled Tuesday Blitz November 15 Early 2022"]
[White "Valle Maytin, Luis Enrique"]
[Black "Ezat, Mohamed"]
[WhiteFideId "3503666"]
[BlackFideId "10600906"]
[WhiteElo "2225"]
[BlackElo "2386"]
[Result "0-1"]
[Round "10"]
[TimeControl "180+1"]
[Date "2022.11.16"]
[WhiteClock "0:00:02"]
[BlackClock "0:00:09"]

1. e4 e5 2. Nf3 Nc6 3. Bb5 Nge7 4. O-O a6 5. Ba4 g6 6. c3 Bg7 7. d4 b5 8. Bb3 O-O 9. h3 d6 10. Bg5 h6 11. Bh4 g5 12. Bg3 Ng6 13. dxe5 Ncxe5 14. Nxe5 dxe5 15. Bd5 Rb8 16. Qh5 Qf6 17. Nd2 c6 18. Bb3 c5 19. Bd5 Bb7 20. c4 Nf4 21. Bxf4 Qxf4 22. Qe2 Kh8 23. g3 Qf6 24. b3 Qg6 25. g4 bxc4 26. Bxc4 Rfd8 27. f3 Rd4 28. Rfd1 Rbd8 29. Nf1 Qf6 30. Ne3 Qf4 31. Kg2 h5 32. Rxd4 Rxd4 33. Rd1 h4 34. Nf1 Kh7 35. Rd3 Kh6 36. Rd1 Bf6 37. Rd3 Bd8 38. Qd1 Ba5 39. Qe2 f6 40. Qf2 Bb4 0-1


[Site "https://www.chess.com"]

[Event "Titled Tuesday Blitz November 15 Early 2022"]
[White "Vargas, Mauricio"]
[Black "Dilmukhametov, Artur"]
[WhiteFideId "4404572"]
[BlackFideId "24179922"]
[WhiteElo "2025"]
[BlackElo "2197"]
[Result "1-0"]
[Round "10"]
[TimeControl "180+1"]
[Date "2022.11.16"]
[WhiteClock "0:00:56"]
[BlackClock "0:01:37"]

1. e4 e6 2. f4 d5 3. e5 Bd7 4. Nf3 c5 5. Nc3 Nc6 6. d3 f6 7. g4 fxe5 8. fxe5 Qc7 9. Bg2 Nxe5 10. O-O Nxf3+ 11. Qxf3 Bd6 12. Qf7+ Kd8 13. Qxg7 Be5 14. Rf8+ Be8 15. Bg5+ Bf6 16. Bxf6+ Nxf6 17. Qxh8 Nxg4 18. Rxe8+ Kd7 19. Qg7+ Kd6 20. Nb5+ Kc6 21. Qxc7+ Kxb5 22. Rxa8 1-0


[Site "https://www.chess.com"]

[Event "Titled Tuesday Blitz November 15 Early 2022"]
[White "Vifleemskaia, Svetlana"]
[Black "Torres Dominguez, David"]
[WhiteFideId "4129490"]
[BlackFideId "2220857"]
[WhiteElo "1929"]
[BlackElo "2037"]
[Result "1-0"]
[Round "10"]
[TimeControl "180+1"]
[Date "2022.11.16"]
[WhiteClock "0:00:57"]
[BlackClock "0:00:12"]

1. d4 Nc6 2. Nf3 d6 3. e4 Nf6 4. d5 Ne5 5. Nxe5 dxe5 6. Bd3 e6 7. c4 Bb4+ 8. Bd2 Bxd2+ 9. Nxd2 O-O 10. O-O exd5 11. cxd5 c6 12. Bc4 cxd5 13. exd5 Qd6 14. Bb3 Nxd5 15. Ne4 Qb4 16. Qxd5 Be6 17. Qxe5 Bxb3 18. axb3 Rae8 19. Nf6+ gxf6 20. Qxf6 Re6 21. Qc3 Qb6 22. Ra4 Rg6 23. g3 a6 24. Rc4 Qd6 25. Kg2 b5 26. Rd4 Qb6 27. b4 Re8 28. h4 h6 29. Rf4 Qc6+ 30. Kh2 Qxc3 31. bxc3 Rc8 32. Rf3 Rgc6 33. Ra1 Rxc3 34. Rxc3 Rxc3 35. Rxa6 Rb3 36. Rxh6 Rxb4 37. Rb6 Rb2 38. Kg2 b4 39. Kf3 b3 40. h5 Rb1 41. h6 b2 42. Kg4 Kh7 43. f3 f6 44. f4 Kg6 45. f5+ Kh7 46. Rb7+ Kxh6 47. Rb6 Kg7 48. Rb7+ 1-0


[Site "https://www.chess.com"]

[Event "Titled Tuesday Blitz November 15 Early 2022"]
[White "Xiong, Jeffery"]
[Black "Willow, Jonah B"]
[WhiteFideId "2047640"]
[BlackFideId "438804"]
[WhiteElo "2725"]
[BlackElo "2300"]
[Result "1-0"]
[Round "10"]
[TimeControl "180+1"]
[Date "2022.11.15"]
[WhiteClock "0:00:42"]
[BlackClock "0:00:14"]

1. e4 c5 2. Qh5 e6 3. Nf3 Nf6 4. Qh4 d6 5. Nc3 Nc6 6. Bb5 Be7 7. Bxc6+ bxc6 8. e5 dxe5 9. Nxe5 Qc7 10. Nc4 Nd5 11. Qg3 Qxg3 12. hxg3 Ba6 13. Ne3 Nxc3 14. dxc3 f5 15. Bd2 Bf6 16. O-O-O Ke7 17. Rde1 Kf7 18. Nf1 Rab8 19. Nh2 Bc4 20. g4 Bd5 21. g5 Be7 22. Bf4 Rb5 23. Nf3 Bxf3 24. gxf3 c4 25. g6+ Kxg6 26. Rxe6+ Kf7 27. Rxc6 Rc5 28. Ra6 g5 29. Be3 Rb5 30. Bd4 Rhb8 31. Rxh7+ Kf8 32. Rxa7 1-0


[Site "https://www.chess.com"]

[Event "Titled Tuesday Blitz November 15 Early 2022"]
[White "Yaran, Siar"]
[Black "Concio, Michael Jr."]
[WhiteFideId "6323006"]
[BlackFideId "5217873"]
[WhiteElo "2191"]
[BlackElo "2236"]
[Result "0-1"]
[Round "10"]
[TimeControl "180+1"]
[Date "2022.11.15"]
[WhiteClock "0:00:07"]
[BlackClock "0:00:13"]

1. d4 c5 2. d5 d6 3. c4 Nf6 4. Nc3 g6 5. e4 Bg7 6. h3 O-O 7. Nf3 a6 8. a4 b6 9. Bd3 Ne8 10. O-O Nc7 11. Re1 Nd7 12. Bf4 f6 13. Bf1 Rb8 14. Bh2 Ne5 15. Nd2 Bd7 16. f4 Nf7 17. Nf3 b5 18. e5 fxe5 19. fxe5 b4 20. Ne4 Bf5 21. e6 Nh6 22. b3 Bxe4 23. Rxe4 Bxa1 24. Qxa1 Rxf3 25. gxf3 Qf8 26. Rf4 Qg7 27. Qxg7+ Kxg7 28. Bd3 Rf8 29. Kf2 Ne8 30. Rxf8 Kxf8 31. a5 Ng7 32. Bf4 Nhf5 33. Be3 h6 34. Ke2 Kg8 35. Bf2 Kh7 36. Kd2 g5 37. Kc2 Kg6 38. Be1 Kf6 39. Bxb4 cxb4 40. c5 dxc5 41. Bxa6 Nd6 42. Bb7 Nge8 43. a6 Nc7 44. Kd3 Ke5 45. Ke3 Nxb7 46. axb7 Na6 47. f4+ gxf4+ 48. Kf3 Kxd5 49. Kxf4 c4 0-1


[Site "https://www.chess.com"]

[Event "Titled Tuesday Blitz November 15 Early 2022"]
[White "Yuan, Qingyu"]
[Black "Ovchinnikov, Vsevolod"]
[WhiteFideId "8609772"]
[BlackFideId "24176842"]
[WhiteElo "2359"]
[BlackElo "2376"]
[Result "1-0"]
[Round "10"]
[TimeControl "180+1"]
[Date "2022.11.16"]
[WhiteClock "0:00:08"]
[BlackClock "0:00:11"]

1. e4 g6 2. d4 Bg7 3. Nf3 d6 4. Be3 Nf6 5. Nc3 Ng4 6. Bg5 h6 7. Bh4 Nc6 8. h3 Nf6 9. e5 Nd7 10. e6 fxe6 11. Qd3 Nf8 12. O-O-O Kf7 13. g4 Bf6 14. Bg3 Nb4 15. Qc4 a5 16. a3 Na6 17. h4 c6 18. Qd3 Nc7 19. Ne4 Bg7 20. Bg2 Nd5 21. g5 h5 22. c4 Nc7 23. Nc3 Bd7 24. Ng1 Kg8 25. Nge2 Qe8 26. Rhe1 Qf7 27. Be4 Ne8 28. Qc2 d5 29. Bd3 Nd6 30. c5 Nf5 31. Bxf5 exf5 32. Nf4 Rh7 33. Nd3 Bh8 34. Ne5 Bxe5 35. Bxe5 Bc8 36. Na4 Nd7 37. Qd2 Qf8 38. Qf4 Rf7 39. Bc7 Kh7 40. Re3 Qe8 41. Rde1 Qf8 42. Kb1 Qe8 43. Bd6 e6 44. Rxe6 Qg8 45. Re8 Qg7 46. Ka2 b6 47. cxb6 Bb7 48. Rxa8 Bxa8 49. Re8 Bb7 50. Kb3 Ba6 51. Kc2 Bb5 52. Nc3 Nxb6 53. Be5 Rf8 54. Bxg7 Rxe8 55. Be5 Bc4 56. b3 Nd7 57. bxc4 dxc4 58. Na4 Nf8 59. Qf3 Re6 60. Nc5 Re7 61. Qxc6 Rf7 62. Qd5 Kg8 63. Ne6 Nxe6 64. Qxe6 Kf8 65. Qd6+ Kg8 66. Qe6 Kf8 67. Bd6+ Kg8 68. Qe8+ Kg7 69. Be5+ Kh7 70. Qh8# 1-0


[Site "https://www.chess.com"]

[Event "Titled Tuesday Blitz November 15 Early 2022"]
[White "Zacurdajev, Dmitry"]
[Black "Shuvalov, Evgenij"]
[WhiteFideId "4196309"]
[BlackFideId "4187237"]
[WhiteElo "2179"]
[BlackElo "2049"]
[Result "1-0"]
[Round "10"]
[TimeControl "180+1"]
[Date "2022.11.16"]
[WhiteClock "0:00:43"]
[BlackClock "0:00:48"]

1. d4 Nf6 2. c4 c5 3. d5 b5 4. cxb5 a6 5. bxa6 Bxa6 6. Nc3 d6 7. e4 Bxf1 8. Kxf1 g6 9. Nge2 Bg7 10. g3 O-O 11. Kg2 Nbd7 12. Qc2 Qc7 13. a4 Rfb8 14. Bd2 Qb7 15. Nb5 Ne8 16. Bc3 Nc7 17. Bxg7 Nxb5 18. Bh6 Nd4 19. Nxd4 cxd4 20. Rhb1 Qb3 21. Qd2 Rxa4 22. Rxa4 Qxa4 23. b4 Qa7 24. b5 Qc5 25. Qa5 Ne5 26. Rc1 Nc4 27. Qa4 Nb6 28. Qa7 Ra8 29. Qxe7 Nxd5 30. exd5 Qxd5+ 31. Kg1 Qe5 32. Qxe5 dxe5 33. b6 f6 34. b7 Rb8 35. Rc8+ Kf7 36. Rxb8 1-0


[Site "https://www.chess.com"]

[Event "Titled Tuesday Blitz November 15 Early 2022"]
[White "Zaichenko, Daria"]
[Black "Seifert, Henryk"]
[WhiteFideId "4197453"]
[BlackFideId "1100963"]
[WhiteElo "2039"]
[BlackElo "2120"]
[Result "1-0"]
[Round "10"]
[TimeControl "180+1"]
[Date "2022.11.16"]
[WhiteClock "0:01:06"]
[BlackClock "0:00:02"]

1. e4 e6 2. d4 d5 3. Bd3 Nc6 4. c3 e5 5. Ne2 exd4 6. cxd4 dxe4 7. Bxe4 Bb4+ 8. Nbc3 Nf6 9. Bg5 O-O 10. O-O h6 11. Bh4 Bxc3 12. Bxc6 Bxb2 13. Rb1 bxc6 14. Rxb2 g5 15. Bg3 Be6 16. Nc3 Nd5 17. Ne4 Nf6 18. Nc5 Bd5 19. Rb7 Ne8 20. Qh5 Kg7 21. f4 Nf6 22. Qe2 Re8 23. Qc2 Be4 24. Qb2 1-0


[Site "https://www.chess.com"]

[Event "Titled Tuesday Blitz November 15 Early 2022"]
[White "Zemlyanskii, Ivan"]
[Black "Terry, Renato"]
[WhiteFideId "24249971"]
[BlackFideId "3803457"]
[WhiteElo "2107"]
[BlackElo "2577"]
[Result "0-1"]
[Round "10"]
[TimeControl "180+1"]
[Date "2022.11.15"]
[WhiteClock "0:00:01"]
[BlackClock "0:01:02"]

1. d4 e6 2. c4 Bb4+ 3. Bd2 c5 4. Nf3 Qb6 5. Bxb4 Qxb4+ 6. Qd2 Qxc4 7. Na3 Qb4 8. Rc1 Qxd2+ 9. Nxd2 d5 10. Nb5 Kd7 11. Rxc5 Nc6 12. e3 b6 13. Rc1 Bb7 14. Bd3 Nge7 15. Nf3 f6 16. Kd2 Rac8 17. Rhe1 a6 18. Nc3 b5 19. a4 Na5 20. Rc2 b4 21. Ne2 Nb3+ 22. Kd1 Bc6 23. Bxa6 Ra8 24. Bb5 Bxb5 25. axb5 Rhc8 26. Nc1 Na5 27. Nd3 Kd6 28. Nxb4 Rcb8 29. Nd3 Rxb5 30. Nc5 Nc4 31. b3 Na5 32. Ra2 Rab8 33. Kc2 Nec6 34. Kd2 Nxb3+ 35. Nxb3 Rxb3 36. Rc1 Nb4 37. Ra7 Rb2+ 38. Kd1 Rxf2 39. Rcc7 Rd8 40. Rxg7 h5 41. Nh4 Nc6 42. Rab7 Na5 43. Ke1 Rc2 44. Ra7 Nc6 45. Raf7 Nb4 46. Kd1 Rf2 47. Ng6 Ra8 48. Rd7+ Kc6 49. Rc7+ Kb5 50. Rb7+ Kc4 51. Rgc7+ Kd3 52. Nf4+ Rxf4 53. Rxb4 Rf1# 0-1


[Site "https://www.chess.com"]

[Event "Titled Tuesday Blitz November 15 Early 2022"]
[White "Zeydan, Salih"]
[Black "Chernomordik, Pavel"]
[WhiteFideId "6361722"]
[BlackFideId "2804530"]
[WhiteElo "1988"]
[BlackElo "2192"]
[Result "0-1"]
[Round "10"]
[TimeControl "180+1"]
[Date "2022.11.16"]
[WhiteClock "0:00:02"]
[BlackClock "0:01:18"]

1. d4 g6 2. e4 Bg7 3. Nf3 d6 4. Be2 Nf6 5. O-O Nxe4 6. c4 O-O 7. Re1 Nf6 8. Bf1 Nbd7 9. Nc3 c6 10. h3 Re8 11. Bf4 a6 12. a4 a5 13. g4 Qb6 14. Qd2 h5 15. g5 Nh7 16. Re3 e5 17. Rae1 Rd8 18. dxe5 dxe5 19. Bg3 Nc5 20. Qc1 Nb3 21. Qc2 Bf5 22. Bd3 Rxd3 23. Rxd3 Nc5 24. Ree3 e4 25. Rd6 exf3 26. Qd2 Nxg5 27. Kh2 Nge6 28. Be5 Bh6 0-1


[Site "https://www.chess.com"]

[Event "Titled Tuesday Blitz November 15 Early 2022"]
[White "Zhigalko, Sergei"]
[Black "Aggelis, Nikolaos"]
[WhiteFideId "13502956"]
[BlackFideId "4213220"]
[WhiteElo "2662"]
[BlackElo "2189"]
[Result "0-1"]
[Round "10"]
[TimeControl "180+1"]
[Date "2022.11.16"]
[WhiteClock "0:00:01"]
[BlackClock "0:00:15"]

1. e4 c6 2. d4 d5 3. e5 Bf5 4. Nf3 h6 5. Nh4 e6 6. Nxf5 exf5 7. Bd3 Ne7 8. O-O Na6 9. e6 fxe6 10. Bf4 Ng6 11. Bg3 Qf6 12. Re1 Be7 13. c3 O-O 14. Qh5 Rae8 15. Nd2 Bd8 16. Bxa6 bxa6 17. Bd6 Be7 18. Bxe7 Rxe7 19. Re3 e5 20. dxe5 Nxe5 21. Rae1 Rfe8 22. h3 f4 23. R3e2 g6 24. Qxh6 Rh7 25. Qxh7+ Kxh7 26. Kf1 f3 27. gxf3 g5 28. Kg2 Re7 29. Re3 Ng6 30. Nf1 Nh4+ 31. Kh1 Rxe3 32. Rxe3 Nxf3 33. Ng3 Nh4 34. Kg1 Qg6 35. Re7+ Kg8 36. Rxa7 Qb1+ 37. Nf1 Qxb2 38. Rxa6 Qxc3 39. Ra8+ Kg7 40. Ra7+ Kg6 41. Re7 Qxh3 42. Ne3 Nf3# 0-1


[Site "https://www.chess.com"]

[Event "Titled Tuesday Blitz November 15 Early 2022"]
[White "Abrahamyan, Tatev"]
[Black "Adithya A Chullikkad"]
[WhiteFideId "13301918"]
[BlackFideId "45078734"]
[WhiteElo "2347"]
[BlackElo "2106"]
[Result "1-0"]
[Round "11"]
[TimeControl "180+1"]
[Date "2022.11.16"]
[WhiteClock "0:01:43"]
[BlackClock "0:01:09"]

1. e4 c6 2. d4 d5 3. Nc3 g6 4. e5 Bg7 5. Nf3 Bf5 6. h3 h5 7. Be2 Nd7 8. Bf4 Nh6 9. Qd2 Qb6 10. O-O-O O-O-O 11. Nh4 Be6 12. f3 Nb8 13. g4 Na6 14. Ng2 Ng8 15. Be3 Bd7 16. f4 hxg4 17. hxg4 Nh6 18. Rh4 Nc7 19. Rdh1 f6 20. Na4 Qa6 21. Bxa6 1-0


[Site "https://www.chess.com"]

[Event "Titled Tuesday Blitz November 15 Early 2022"]
[White "Ahn, Hongjin"]
[Black "Besedes, Danilo"]
[WhiteFideId "13201492"]
[BlackFideId "946796"]
[WhiteElo "2182"]
[BlackElo "2352"]
[Result "0-1"]
[Round "11"]
[TimeControl "180+1"]
[Date "2022.11.16"]
[WhiteClock "0:00:09"]
[BlackClock "0:02:00"]

1. e4 d6 2. d4 e5 3. Nf3 Nc6 4. d5 Nce7 5. c4 h6 6. Nc3 f5 7. Bd3 Nf6 8. O-O g6 9. b4 a5 10. Ba3 axb4 11. Bxb4 b6 12. a4 Bg7 13. a5 bxa5 14. Rxa5 Rb8 15. Qa4+ Bd7 16. Qa3 fxe4 17. Nxe4 Nxe4 18. Bxe4 Bf5 19. Bxf5 Nxf5 20. c5 O-O 21. cxd6 cxd6 22. Ra6 e4 23. Nd2 e3 24. fxe3 Qg5 25. Bxd6 Nxe3 26. Bxf8 Qxg2# 0-1


[Site "https://www.chess.com"]